 Dungeon Crawl Stone Soup version 0.31.0-11-ge490571c62 (webtiles) character file.

Game seed: 315084847892635725

567 ces the Sneak (level 7, -4/32 HPs)
             Began as a Spriggan Conjurer on Jan 28, 2024.
             Slain by an ogre
             ... wielding a +0 giant spiked club
              (36 damage)
             ... on level 5 of the Dungeon.
             The game lasted 00:13:57 (4914 turns).

ces the Sneak (Spriggan Conjurer)                   Turns: 4914, Time: 00:13:58

Health: -4/32      AC:  2    Str:  3    XL:     7   Next: 11%
Magic:  11/15      EV: 18    Int: 22    God:
Gold:   324        SH:  0    Dex: 13    Spells: 1/15 levels left

rFire   . . .        q - +0 dagger
rCold   . . .        (no shield)
rNeg    . . .        a - +0 robe
rPois   .            (helmet restricted)
rElec   .            (no cloak)
rCorr   .            (gloves unavailable)
SInv    +            (boots unavailable)
Will    +....        (no amulet)
Stlth   +++          (no ring)
HPRegen 0.25/turn    (no ring)
MPRegen 0.14/turn

%: clarity
@: very quick
A: very small, no large weapons, unfitting armour, see invisible, speed 3,
clarity
a: no special abilities


You were on level 5 of the Dungeon.
You visited 1 branch of the dungeon, and saw 5 of its levels.

You collected 324 gold pieces.

Inventory:

Hand Weapons
 q - a +0 dagger (weapon)
Armour
 a - a +0 robe (worn)
Jewellery
 s - a ring of poison resistance
Wands
 e - a wand of mindburst (12)
 m - a wand of flame (28)
 o - a wand of polymorph (10)
Scrolls
 c - 2 scrolls of teleportation
 d - a scroll of noise {unknown}
 h - 2 scrolls of fog {unknown}
 j - a scroll of amnesia {unknown}
 l - a scroll of fear {unknown}
 n - a scroll of brand weapon {unknown}
 p - a scroll of revelation {unknown}
 r - a scroll of torment {unknown}
Potions
 b - a potion of magic
 f - 2 potions of lignification
 g - a potion of attraction
 i - a potion of resistance {unknown}
 k - 2 potions of curing {unknown}


   Skills:
 + Level 5.1 Dodging
 * Level 6.1 Stealth
 + Level 4.8 Spellcasting
 + Level 3.8 Conjurations
 + Level 0.1 Hexes
 + Level 0.0 Translocations
 * Level 3.4 Alchemy


You had one spell level left.
You knew the following spells:

 Your Spells              Type           Power      Damage    Failure   Level
a - Magic Dart            Conj           88%        1d7       1%          1
b - Fulminant Prism       Conj/Alch      10%        3d8       22%         4
c - Tukima's Dance        Hex            5%         N/A       28%         3
d - Iskenderun's Mystic   Conj/Tloc      13%        2d5       41%         4
s - Searing Ray           Conj           44%        2d6       3%          2

Your spell library contained the following spells:

 Spells                   Type           Power      Damage    Failure   Level
 Passage of Golubria      Tloc           5%         N/A       69%         4
 Yara's Violent Unravell  Hex/Alch       6%         3d5       80%         5


Dungeon Overview and Level Annotations

Branches:
Dungeon (5/15)
 Temple: D:4-7

Altars:


Innate Abilities, Weirdness & Mutations

You are very small and have problems with some larger weapons.
You are too small for most types of armour.
You have supernaturally acute eyesight. (SInv)
You cover ground extremely quickly. (Speed+++)
You possess an exceptional clarity of mind.


Message History

An ogre is nearby!
The helpless ogre fails to defend itself.
You puncture the ogre!
The ogre is severely wounded.
The ogre closely misses you.
An ogre is nearby!
An ogre comes into view. It is wielding a +0 giant club.
Casting: Searing Ray (safe; 3% risk of failure)
Confirm with . or Enter, or press ? or * to list all spells.
Aiming: Magic Dart (safe; 1% risk of failure)
Press: ? - help, Shift-Dir - straight line, f - ogre
Aim: an ogre, wielding a +0 giant spiked club (severely wounded, 100% to hit)
The magic dart hits the ogre.
The ogre is severely wounded.
Casting: Magic Dart (safe; 1% risk of failure)
Confirm with . or Enter, or press ? or * to list all spells.
Aiming: Magic Dart (safe; 1% risk of failure)
Press: ? - help, Shift-Dir - straight line, f/p - ogre
Aim: an ogre, wielding a +0 giant spiked club (severely wounded, 100% to hit)
The magic dart hits the ogre.
The ogre is severely wounded.
The ogre shouts!
Casting: Magic Dart (safe; 1% risk of failure)
Confirm with . or Enter, or press ? or * to list all spells.
Aiming: Magic Dart (safe; 1% risk of failure)
Press: ? - help, Shift-Dir - straight line, f/p - ogre
Aim: an ogre, wielding a +0 giant spiked club (severely wounded, 100% to hit)
The magic dart hits the ogre.
The ogre is severely wounded.
A sleepcap comes into view.
Casting: Magic Dart (safe; 1% risk of failure)
Confirm with . or Enter, or press ? or * to list all spells.
Aiming: Magic Dart (safe; 1% risk of failure)
Press: ? - help, Shift-Dir - straight line, f/p - ogre
Aim: an ogre, wielding a +0 giant spiked club (severely wounded, 100% to hit)
The magic dart hits the ogre.
The ogre is almost dead.
The ogre hits you with a +0 giant spiked club!!!
Ouch! That really hurt!
You die...

#
#..#.#...........#
####.#...........#
.#...........#
###..........#
...####.#####
##.####.########
#.............#
#.............#
#..@O.........#
......%...........#
......!...........#
..f...............#
.......O.......>..#
..................#
#.###.............#
#. #.............#


You could see 2 ogres and a sleepcap.

Vanquished Creatures
  An ogre (D:4)
  A scorpion (D:4)
  3 hounds (D:4)
  A bombardier beetle (D:5)
  A jelly (D:4)
  2 orc priests
  2 orc wizards (D:4)
  Robin (D:3)
  6 adders
  A ribbon worm (D:4)
  3 dart slugs
  6 orcs
  3 ball pythons (D:1)
  8 bats
  11 endoplasms
  2 giant cockroaches
  12 goblins
  7 hobgoblins
  6 jackals (D:4)
  3 kobolds
  5 quokkas
  A frilled lizard (D:1)
  6 rats
92 creatures vanquished.

Notes
Turn   | Place    | Note
-------+----------+-------------------------------------------
     0 | D:1      | ces the Spriggan Conjurer began the quest for the Orb.
     0 | D:1      | Reached XP level 1. HP: 9/9 MP: 5/5
   269 | D:1      | Reached XP level 2. HP: 13/13 MP: 3/6
   675 | D:1      | Learned a level 2 spell: Searing Ray
  1003 | D:2      | Reached XP level 3. HP: 16/16 MP: 3/8
  1096 | D:2      | Reached skill level 4 in Stealth
  1549 | D:2      | Reached XP level 4. HP: 21/21 MP: 6/10
  1985 | D:3      | Gained mutation: You possess an exceptional clarity of
                  | mind. [potion of mutation]
  2054 | D:3      | Noticed Robin
  2236 | D:3      | Learned a level 4 spell: Fulminant Prism
  2315 | D:3      | Killed Robin
  2316 | D:3      | Reached XP level 5. HP: 24/24 MP: 2/11
  3267 | D:4      | Reached skill level 1 in Alchemy
  3270 | D:4      | Reached skill level 5 in Stealth
  3823 | D:4      | Noticed an ogre
  3832 | D:4      | Killed an ogre
  3833 | D:4      | Reached XP level 6. HP: 28/28 MP: 6/13
  4372 | D:4      | Reached skill level 5 in Dodging
  4491 | D:4      | Reached skill level 6 in Stealth
  4491 | D:4      | Reached XP level 7. HP: 22/32 MP: 4/15
  4613 | D:5      | Entered Level 5 of the Dungeon
  4625 | D:5      | Learned a level 3 spell: Tukima's Dance
  4630 | D:5      | Learned a level 4 spell: Iskenderun's Mystic Blast
  4914 | D:5      | Slain by an ogre

Illustrated notes

Levels and vault maps discovered:
D:1:      onia_arrival_handbag, layout_basic
D:2:      layout_basic, st_stairs_14
D:3:      layout_basic, minivault_4, uniq_robin
D:4:      layout_loops_ring
D:5:      layout_basic, minmay_temple_entry_mist, nicolae_stop_n_shop_2

Skill      XL: |  1  2  3  4  5  6 |
---------------+-------------------+-----
Conjurations   | 3 |  3.8
Dodging        | 3 4 5 |  5.1
Spellcasting   | 3 4 |  4.8
Stealth        | 4 5 6 |  6.1
Alchemy        | 2 3 |  3.4
Hexes          | |  0.1

Action                     |  1- 3 |  4- 6 |  7- 9 || total
---------------------------+-------+-------+-------++-------
  Melee: Unarmed           |     7 |     3 |       ||    10
         Dagger            |       |       |     3 ||     3
   Cast: Magic Dart        |    72 |   132 |     4 ||   208
         Searing Ray       |     5 |    15 |       ||    20
    Use: Scroll            |       |     5 |       ||     5
         Potion            |       |     3 |       ||     3
   Stab: Sleeping          |       |       |     3 ||     3
 Armour: Robe              |     4 |    12 |     1 ||    17
  Dodge: Dodged            |    11 |    43 |     1 ||    55
